 Dungeon Crawl Stone Soup version 0.32-a0-520-g344ed53f66 (webtiles) character file.

Game seed: 1318191278515373845

17014 pokeman the Eclecticist (level 12, -26/66 HPs)
             Began as a Deep Elf Hedge Wizard on Feb 27, 2024.
             Was a Priest of Vehumet.
             Annihilated by a minotaur
             ... wielding a +0 great sword
              (41 damage)
             ... in a Gauntlet on Feb 28, 2024.
             The game lasted 00:35:41 (11530 turns).

pokeman the Eclecticist (Deep Elf Hedge Wizard)    Turns: 11530, Time: 00:35:43

Health: -26/66     AC: 11    Str: 12    XL:     12   Next: 15%
Magic:  26/42      EV: 13    Int: 31    God:    Vehumet [***...]
Gold:   454        SH:  5    Dex: 14    Spells: 23/42 levels left

rFire   . . .        M - staff "Isukubba" {^Contam rC+ Str+2 SInv Conj}
rCold   + . .        (no shield)
rNeg    . . .        w - +1 robe of Noon {rF- Int+6 Stlth- Archmagi}
rPois   .            B - +2 helmet
rElec   +            (no cloak)
rCorr   .            (no gloves)
SInv    +            r - +0 pair of boots
Will    +....        f - amulet of Qazlal, Bashing {Reflect rElec rF+ MP+9 Str+3 SH+5}
Stlth   +            s - ring of flight
HPRegen 0.31/turn    G - +4 ring of protection
MPRegen 0.28/turn

%: no teleportation, reflection, archmagi
@: flying
A: no striking features
a: Renounce Religion


You were in a Gauntlet.
You worshipped Vehumet.
Vehumet was most pleased with you.
You visited 2 branches of the dungeon, and saw 12 of its levels.
You also visited: Gauntlet.

You collected 454 gold pieces.

Inventory:

Missiles
 x - a throwing net
 Q - 5 curare-tipped darts
Armour
 r - a +0 pair of boots (worn)
 w - the +1 robe of Noon (worn) {rF- Int+6 Stlth- Archmagi}
   (You found it on level 5 of the Dungeon)

   Int+6:     It affects your intelligence (+6).
   rF-:       It makes you vulnerable to fire.
   Stlth-:    It makes you less stealthy.
   Archmagi:  It increases the power of your magical spells.
 B - a +2 helmet (worn)
 F - a +0 buckler
 I - the -2 helmet of Spring {rC+ Str-3 SInv}
   (You found it on level 6 of the Dungeon)

   Str-3:     It affects your strength (-3).
   rC+:       It protects you from cold.
   SInv:      It lets you see invisible.
 R - +0 acid dragon scales
 V - a +2 leather armour of cold resistance
Magical Staves
 M - the staff "Isukubba" (weapon) {^Contam rC+ Str+2 SInv Conj}
   (You found it on level 7 of the Dungeon)

   [staff of conjuration]

   Base accuracy: +5 Base damage: 5 Base attack delay: 1.2 This weapon's minimum
   attack delay (0.6) is reached at skill level 12.
   Str+2:     It affects your strength (+2).
   rC+:       It protects you from cold.
   SInv:      It lets you see invisible.
   ^Contam:   It causes magical contamination when unequipped.
   Conj:      It increases the power of your Conjurations spells.
   It falls into the 'Staves' category.
   It is a one-handed weapon.
Jewellery
 b - the necklace of Bloodlust {Fury *Rage Will++ Int-3 Slay+6}
   (You found it in a Gauntlet)

   [amulet of nothing]

   Fury:      It extends the wearer's berserk rage when killing foes.
   Int-3:     It affects your intelligence (-3).
   Slay+6:    It affects your accuracy & damage with ranged weapons and melee
   (+6).
   Will++:    It greatly increases your willpower.
   *Rage:     It berserks you when you make melee attacks (+50% chance).
 e - a ring of fire
 f - the amulet of Qazlal, Bashing (around neck) {Reflect rElec rF+ MP+9 Str+3 SH+5}
   (You found it in a Gauntlet)

   [amulet of reflection]

   Reflect:   It reflects blocked missile attacks.
   Str+3:     It affects your strength (+3).
   rF+:       It protects you from fire.
   rElec:     It insulates you from electricity.
   MP+9:      It affects your magic capacity (+9).
   SH+5:      It affects your SH (+5).
 s - a ring of flight (left hand)
 G - a +4 ring of protection (right hand)
Wands
 N - a wand of quicksilver (7)
 P - a wand of digging (5)
 U - a wand of roots (3)
 W - a wand of polymorph (6)
Scrolls
 c - a scroll of butterflies {unknown}
 g - a scroll of brand weapon {unknown}
 j - 10 scrolls of teleportation
 T - a scroll of blinking
Potions
 a - 2 potions of heal wounds {unknown}
 d - 2 potions of magic
 n - a potion of brilliance {unknown}
 o - a potion of attraction {unknown}
 p - 2 potions of lignification {unknown}
 t - 9 potions of curing {unknown}
 z - 2 potions of degeneration {unknown}
 D - a potion of mutation
 H - 2 potions of berserk rage {unknown}
 K - 6 potions of enlightenment {unknown}
 L - 2 potions of cancellation {unknown}


   Skills:
 + Level 4.2 Fighting
 - Level 3.0 Armour
 - Level 3.0 Dodging
 - Level 3.0 Stealth
 - Level 4.0 Shields
 * Level 15.7 Spellcasting
 + Level 9.3 Conjurations
 - Level 1.1 Summonings
 - Level 1.1 Translocations
 + Level 8.6 Fire Magic
 + Level 7.5 Ice Magic
 - Level 1.1 Air Magic
 - Level 2.0 Earth Magic
 - Level 1.1 Alchemy
 - Level 1.2 Evocations


You had 23 spell levels left.
You knew the following spells:

 Your Spells              Type           Power      Damage    Failure   Level
a - Magic Dart            Conj           100%       1d8       1%          1
b - Mephitic Cloud        Conj/Alch/Air  83%        N/A       1%          3
c - Call Imp              Summ           92%        N/A       1%          2
d - Blink                 Tloc           92%        N/A       1%          2
e - Ignite Poison         Fire/Alch      70%        N/A       1%          4
f - Flame Wave            Conj/Fire      100%       2d21      1%          4
g - Hailstorm             Conj/Ice       100%       3d16      1%          3

Your spell library contained the following spells:

 Spells                   Type           Power      Damage    Failure   Level
 Airstrike                Air            23%        2d(4-20)  3%          4
 Freeze                   Ice            100%       1d10      1%          1
 Sandblast                Erth           100%       2d20      1%          1
 Slow                     Hex            100%       N/A       1%          1
 Cigotuvi's Dreadful Rot  Necr/Alch/Air  86%        N/A       1%          2
 Scorch                   Fire           100%       2d9       1%          2
 Frozen Ramparts          Ice            100%       1d16      1%          3
 Sticky Flame             Fire/Alch      70%        2d11      1%          4
 Ignition                 Fire           43%        3d12      63%         8
 Summon Cactus Giant      Summ           23%        N/A       87%         6


Dungeon Overview and Level Annotations

Branches:
Dungeon (11/15)            Temple (1/1) D:7            Lair (0/5) D:9
Gauntlet (1/1)
    Orc: D:9-12

Altars:
Ashenzari
Cheibriados
Dithmenos
Elyvilon
Fedhas
Gozag
Hepliaklqana
Kikubaaqudgha
Makhleb
Nemelex Xobeh
Okawaru
Qazlal
Ru
Sif Muna
Trog
Uskayaw
Vehumet
Wu Jian
Xom
Yredelemnul
Zin
The Shining One

Shops:
D:2 *   D:9 (

Annotations:
D:11 1 runed translucent door, jboons's ghost, journeyman CoFi Gauntlet 10 transporters, 21 runed translucent doors


Message History

The minotaur is lightly wounded. (Press . to intensify the flame waves.)
The minotaur is engulfed in noxious fumes.
The minotaur appears confused.
The minotaur misses you.
The minotaur gores you but does no damage.
A wave of flame ripples out!
The flame wave engulfs the minotaur!
The minotaur is moderately wounded.
The minotaur is engulfed in noxious fumes.
The minotaur completely misses you. The minotaur misses you.
Unknown command.
A wave of flame ripples out!
The flame wave engulfs the minotaur.
The minotaur is moderately wounded.
You finish channelling waves of flame.
The minotaur is engulfed in noxious fumes.
The minotaur misses you. The minotaur gores you!
The minotaur barely misses itself.
The minotaur gores itself.
Unknown command.
Casting: Flame Wave (safe; 1% risk of failure)
Confirm with . or Enter, or press ? or * to list all spells.
Casting: Flame Wave (safe; 1% risk of failure)
Press: ? - help, Dir - look around, f - activate You feel a strong surge of power!
A wave of flame ripples out!
The flame wave engulfs the minotaur!
The minotaur is heavily wounded. (Press . to intensify the flame waves.) Unknown command.
A wave of flame ripples out!
The flame wave engulfs the minotaur!!
The minotaur is severely wounded.
The minotaur seems less confused.
The minotaur is engulfed in noxious fumes.
The minotaur hits you with a +0 great sword!!
The minotaur gores you!
* * * LOW HITPOINT WARNING * * *
A wave of flame ripples out!
The flame wave engulfs the minotaur!
The minotaur is almost dead.
You finish channelling waves of flame.
The minotaur is engulfed in noxious fumes.
The minotaur hits you with a +0 great sword!!!
Ouch! That really hurt!
You die...

############
###.##.##.##.##
#.....###.....#
#.##.##∩##.##.#
##.##.##.##.##.##
#......#○#......#
###.##.#○###.##.#
###.##.#H###.##.#
#.......@.......#
#.##.##.##.##.###
#.##.##.##.##.###
#...............#
##.##.##.##.##.##
###.##.##.##.##.###
#≈...............≈#
###
#ß.ß.ß.ß.ß.ß.ß.ß.ß#
#ß#
#≈.§.............§#
#ß


You could see a minotaur.

Vanquished Creatures
  2 two-headed ogres
  6 death yaks (Gauntlet)
  2 thrashing horrors (Gauntlet)
  Pikel (D:4)
  A torpor snail (Gauntlet)
  An unseen horror (D:11)
  A kobold demonologist (D:8)
  2 red devils (D:11)
  4 trolls
  2 slime creatures (Gauntlet)
  2 wraiths
  17 yaks
  A steam dragon (D:8)
  2 vampire mosquitoes (D:11)
  2 acid dragons (D:9)
  A water moccasin (D:6)
  5 orc warriors
  2 sky beasts
  An ice beast (D:8)
  A black bear (D:4)
  4 centaurs
  An ogre (D:6)
  A lemure (D:4)
  18 kobold brigands
  2 bullfrogs
  4 scorpions
  2 small abominations (Gauntlet)
  15 wights (D:8)
  4 killer bees (D:8)
  2 bombardier beetles
  4 jellies
  4 hounds
  4 orc priests
  A gnoll bouda (D:6)
  3 iguanas
  7 orc wizards
  Robin (D:4)
  12 gnolls
  8 adders
  2 white imps
  2 ufetubi (D:6)
  3 ribbon worms
  2 dart slugs
  43 orcs
  7 bats
  3 endoplasms
  6 giant cockroaches
  13 goblins
  12 hobgoblins
  20 kobolds
  3 quokkas
  3 ball pythons
  8 frilled lizards
  9 rats
289 creatures vanquished.

Vanquished Creatures (collateral kills)
  A sleepcap (D:5)
  2 orcs (D:5)
3 creatures vanquished.

Grand Total: 292 creatures vanquished

Notes
Turn   | Place    | Note
-------+----------+-------------------------------------------
     0 | D:1      | pokeman the Deep Elf Hedge Wizard began the quest for the
                  | Orb.
     0 | D:1      | Reached XP level 1. HP: 10/10 MP: 7/7
   348 | D:1      | Reached XP level 2. HP: 15/15 MP: 7/9
  1156 | D:2      | Reached skill level 5 in Spellcasting
  1381 | D:2      | Reached XP level 3. HP: 20/20 MP: 7/11
  1385 | D:2      | Learned a level 3 spell: Mephitic Cloud
  1388 | D:2      | Learned a level 2 spell: Call Imp
  1391 | D:2      | Learned a level 2 spell: Blink
  1625 | D:2      | Reached skill level 1 in Fighting
  1803 | D:2      | Reached skill level 1 in Armour
  1810 | D:2      | Reached XP level 4. HP: 11/25 MP: 2/13
  1933 | D:2      | Found Ilaujell's Assorted Antiques.
  2277 | D:2      | Learned a level 4 spell: Ignite Poison
  2628 | D:3      | Reached skill level 6 in Spellcasting
  2628 | D:3      | Reached XP level 5. HP: 29/29 MP: 2/15
  2789 | D:3      | Found a faded altar of an unknown god.
  3051 | D:3      | Noticed a centaur
  3092 | D:3      | Killed a centaur
  3093 | D:3      | Reached skill level 1 in Fire Magic
  3093 | D:3      | Reached skill level 1 in Air Magic
  3093 | D:3      | Reached skill level 1 in Alchemy
  3093 | D:3      | Reached skill level 1 in Evocations
  3093 | D:3      | Reached XP level 6. HP: 14/34 MP: 3/17
  3267 | D:3      | Learned a level 4 spell: Flame Wave
  3362 | D:3      | Found a stormy altar of Qazlal.
  3362 | D:3      | Noticed a sky beast
  3376 | D:3      | Killed a sky beast
  3377 | D:3      | Reached skill level 7 in Spellcasting
  3763 | D:4      | Noticed Robin
  3802 | D:4      | Killed Robin
  4074 | D:4      | Noticed Pikel
  4086 | D:4      | Killed Pikel
  4087 | D:4      | Reached skill level 8 in Spellcasting
  4087 | D:4      | Reached XP level 7. HP: 31/40 MP: 0/21
  4305 | D:4      | Reached XP level 8. HP: 41/45 MP: 18/22
  4551 | D:5      | Entered Level 5 of the Dungeon
  4626 | D:5      | Reached skill level 9 in Spellcasting
  4721 | D:5      | Identified the +1 robe of Noon {rF- Int+6 Stlth- Archmagi}
  4877 | D:5      | Learned a level 3 spell: Hailstorm
  4907 | D:5      | Found a white marble altar of Elyvilon.
  5166 | D:6      | Reached skill level 5 in Conjurations
  5260 | D:6      | Reached skill level 1 in Ice Magic
  5384 | D:6      | Identified the -2 helmet of Spring {rC+ Str-3 SInv}
  5541 | D:6      | Reached skill level 10 in Spellcasting
  5824 | D:7      | Reached XP level 9. HP: 47/49 MP: 16/25
  6003 | D:7      | Found a staircase to the Ecumenical Temple.
  6012 | Temple   | Entered the Ecumenical Temple
  6023 | Temple   | Became a worshipper of Vehumet
  6074 | D:7      | Found a glowing golden altar of the Shining One.
  6194 | D:7      | Found a broken altar of Ashenzari.
  6272 | D:7      | Identified the staff "Isukubba" {^Contam rC+ Str+2 SInv
                  | Conj}
  6530 | D:7      | Reached skill level 5 in Fire Magic
  7216 | D:8      | Reached skill level 1 in Shields
  7216 | D:8      | Reached skill level 11 in Spellcasting
  7414 | D:8      | Found a shimmering blue altar of Sif Muna.
  7460 | D:8      | Reached * piety under Vehumet
  7460 | D:8      | Offered knowledge of Sting by Vehumet.
  7463 | D:8      | Reached skill level 12 in Spellcasting
  7552 | D:8      | Reached XP level 10. HP: 42/54 MP: 21/28
  8392 | D:8      | Reached ** piety under Vehumet
  8392 | D:8      | Offered knowledge of Static Discharge by Vehumet.
  8394 | D:8      | Reached skill level 5 in Ice Magic
  8396 | D:8      | Reached skill level 13 in Spellcasting
  8664 | D:8      | Got Sif Muna's Papyrus of Talus
  8797 | D:9      | Found a staircase to the Lair.
  9299 | D:9      | Found Vomuw's Antique Weapon Shop.
  9401 | D:9      | Offered knowledge of Momentum Strike by Vehumet.
  9402 | D:9      | Reached skill level 1 in Earth Magic
  9404 | D:9      | Reached XP level 11. HP: 11/58 MP: 8/30
  9611 | D:9      | Found an opulent altar of Gozag.
  9694 | D:10     | Entered Level 10 of the Dungeon
  9852 | D:10     | Reached *** piety under Vehumet
  9937 | D:10     | Reached skill level 14 in Spellcasting
 10019 | D:10     | Noticed a two-headed ogre
 10024 | D:10     | Killed a two-headed ogre
 10466 | D:11     | Found a runed translucent door.
 10470 | D:11     | Found a shimmering altar of Xom.
 10470 | D:11     | Noticed jboons's ghost (journeyman CoFi)
 10470 | D:11     | Noticed a +1 scimitar of chaos
 10529 | D:11     | Noticed a two-headed ogre
 10536 | D:11     | Killed a two-headed ogre
 10638 | D:11     | Found a gate leading to a gauntlet.
 10652 | Gauntlet | Entered a Gauntlet
 10652 | Gauntlet | Found a transporter.
 10652 | Gauntlet | Found a transporter.
 10655 | Gauntlet | Noticed a necromancer
 10657 | Gauntlet | Found a transporter.
 10674 | Gauntlet | Found a transporter.
 10679 | Gauntlet | Noticed a purple ugly thing
 10685 | Gauntlet | Noticed a great orb of eyes
 10696 | Gauntlet | Found a transporter.
 10705 | Gauntlet | Found a transporter.
 10707 | Gauntlet | Found a large runed translucent door.
 10708 | Gauntlet | Found a large runed translucent door.
 10709 | Gauntlet | Found a large runed translucent door.
 10709 | Gauntlet | Found a large runed translucent door.
 10709 | Gauntlet | Found a runed translucent door.
 10709 | Gauntlet | Found a runed translucent door.
 10710 | Gauntlet | Found a large runed translucent door.
 10711 | Gauntlet | Found a large runed translucent door.
 10711 | Gauntlet | Found a large runed translucent door.
 10711 | Gauntlet | Found a large runed translucent door.
 10712 | Gauntlet | Found a large runed translucent door.
 10713 | Gauntlet | Found a large runed translucent door.
 10718 | Gauntlet | Found a large runed translucent door.
 10718 | Gauntlet | Found a large runed translucent door.
 10719 | Gauntlet | Found a large runed translucent door.
 10719 | Gauntlet | Found a large runed translucent door.
 10719 | Gauntlet | Found a large runed translucent door.
 10719 | Gauntlet | Found a large runed translucent door.
 10723 | Gauntlet | Found a runed translucent gate.
 10723 | Gauntlet | Found a runed translucent gate.
 10723 | Gauntlet | Found a runed translucent gate.
 10725 | Gauntlet | Found a transporter.
 10725 | Gauntlet | Noticed a ghost crab
 10797 | Gauntlet | Found a transporter.
 10797 | Gauntlet | Found the necklace of Bloodlust {Fury *Rage Will++ Int-3
                  | Slay+6}
 10807 | Gauntlet | Found a transporter.
 10809 | Gauntlet | Noticed a wretched star
 10814 | Gauntlet | Noticed a reaper
 10830 | Gauntlet | Found a transporter.
 10838 | Gauntlet | Noticed a death yak
 10838 | Gauntlet | Noticed a death yak
 10839 | Gauntlet | Noticed a death yak
 10844 | Gauntlet | Found a transporter.
 10846 | Gauntlet | Noticed a death yak
 10849 | Gauntlet | Noticed a death yak
 10851 | Gauntlet | Noticed a death yak
 10872 | Gauntlet | Found a transporter.
 10879 | Gauntlet | Found a transporter.
 10898 | Gauntlet | Found a transporter.
 10953 | Gauntlet | Found a transporter.
 10968 | Gauntlet | Noticed a thrashing horror
 10975 | Gauntlet | Noticed a thrashing horror
 10977 | Gauntlet | Found a transporter.
 11169 | Gauntlet | Killed a thrashing horror
 11171 | Gauntlet | Killed a thrashing horror
 11172 | Gauntlet | Reached skill level 15 in Spellcasting
 11323 | Gauntlet | Identified the amulet of Qazlal, Bashing {Reflect rElec rF+
                  | MP+9 Str+3 SH+5}
 11388 | Gauntlet | Killed a death yak
 11388 | Gauntlet | Offered knowledge of Airstrike by Vehumet.
 11388 | Gauntlet | Killed a death yak
 11388 | Gauntlet | Killed a death yak
 11389 | Gauntlet | Killed a death yak
 11390 | Gauntlet | Reached XP level 12. HP: 49/66 MP: 33/33
 11391 | Gauntlet | Killed a death yak
 11396 | Gauntlet | Killed a death yak
 11402 | Gauntlet | Identified the +0 hat of Serghoir {rN+}
 11522 | Gauntlet | Noticed a minotaur
 11530 | Gauntlet | Annihilated by a minotaur

Illustrated notes

Levels and vault maps discovered:
D:1:      mrwooster_arrival_statue_3, layout_loops_ring, st_stairs_8,
          minmay_misc_feat_pillars, roderic_roman_lattice
D:2:      minmay_thinvault, layout_rooms, serial_shops, shop
D:3:      layout_rooms, nicolae_qazlal_beasts_of_the_sky,
          shapermc_ecumenical_altar_mp_highgroup
D:4:      layout_cave_pools, kennysheep_generic_room_12, uniq_robin, uniq_pikel
D:5:      layout_rooms, nicolae_elyvilon_temple_path
D:6:      layout_cave_pools, hangedman_abyss_or_decor_passed,
          kennysheep_generic_room_7
D:7:      layout_layer_cave, ashenzari_conservatory_becter, tso_oasis_becter,
          minmay_temple_entry_trees, serial_bayou_pond_a
D:8:      layout_loops_corners, nicolae_sif_muna_little_library, special_room
          [special_room_kobold], hex_large
D:9:      layout_rooms, mainiacjoe_overflow_surrounded_room, lair_entry_dummy,
          serial_shops, nicolae_shop_real_fake_doors
D:10:     layout_cave_pools
D:11:     layout_long_grid, ebering_ghost_xom, gauntlet_entry_generic,
          einodemon_armed_red_devil_minivault
Temple:   nicolae_temple_superstar
Gauntlet: gammafunk_gauntlet_branching [nicolae_gauntlet_arena_quarters,
          nicolae_gauntlet_arena_x, gammafunk_gauntlet_arena_arrow_garden,
          nicolae_gauntlet_arena_grate_2, nicolae_gauntlet_swirl,
          gammafunk_gauntlet_arena_split_x,
          minmay_gauntlet_arena_make_your_own_arena,
          nicolae_gauntlet_arena_flowing_pool, gauntlet_exit_green]

Skill      XL: |  1  2  3  4  5  6  7  8  9 10 11 |
---------------+----------------------------------+-----
Spellcasting   | 5 6 8 10 12 13 15 | 15.7
Fighting       | 1 2 4 |  4.2
Armour         | 1 2 3 |  3.0
Conjurations   | 2 3 4 5 6 7 9 |  9.3
Dodging        | 3 |  3.0
Stealth        | 3 |  3.0
Fire Magic     | 1 3 4 5 7 8 |  8.6
Air Magic      | 1 |  1.1
Alchemy        | 1 |  1.1
Evocations     | 1 |  1.2
Ice Magic      | 2 4 5 7 |  7.5
Shields        | 2 3 4 |  4.0
Earth Magic    | 1 2 |  2.0
Summonings     | |  1.1
Translocations | |  1.1

Action                     |  1- 3 |  4- 6 |  7- 9 | 10-12 || total
---------------------------+-------+-------+-------+-------++-------
  Melee: Dagger            |     2 |    71 |       |       ||    73
         Short sword       |    11 |     1 |       |       ||    12
         Whip              |       |       |    46 |       ||    46
         Staff             |       |       |       |    23 ||    23
   Cast: Magic Dart        |    86 |    99 |    25 |     2 ||   212
         Mephitic Cloud    |     1 |    11 |    11 |    24 ||    47
         Ignite Poison     |       |     2 |     2 |     8 ||    12
         Flame Wave        |       |       |    27 |    35 ||    62
         Call Imp          |       |       |     2 |       ||     2
         Blink             |       |       |       |     4 ||     4
         Hailstorm         |       |       |       |    11 ||    11
  Evoke: Wand              |       |       |       |     5 ||     5
    Use: Scroll            |       |       |       |    12 ||    12
   Stab: Sleeping          |     1 |       |       |       ||     1
         Confused          |     2 |     6 |     2 |     2 ||    12
 Armour: Robe              |    17 |    12 |    34 |    70 ||   133
         Leather armour    |       |    67 |     7 |       ||    74
  Dodge: Dodged            |    20 |    63 |    64 |    58 ||   205
         Repelled          |     1 |     1 |     3 |     1 ||     6

Table legend: (Time is in decaauts)
 A = Elapsed time spent in this place.
 B = Non-inter-level travel time spent in this place.
 C = Inter-level travel time spent in this place.
 D = Time resting spent in this place.
 E = Time spent auto-exploring this place.
 F = Levels seen in this place.
 G = Mean time per level.
                   A        B        C        D        E       F      G
               +--------+--------+--------+--------+--------+-----+--------+
         Total |  11549 |  11100 |    449 |    688 |   8309 |  13 |  888.4 |
       Dungeon |  10599 |  10164 |    435 |    586 |   8062 |  11 |  963.5 |
        Temple |     69 |     56 |     13 |      0 |      0 |   1 |   69.0 |
      Gauntlet |    881 |    881 |      0 |    102 |    247 |   1 |  881.0 |
               +--------+--------+--------+--------+--------+-----+--------+

Top non-repeatable levels by time:
     D:8: 1529 daAuts
     D:7: 1400 daAuts
     D:2: 1392 daAuts
     D:3: 1178 daAuts
     D:1: 1085 daAuts
     D:9: 1005 daAuts
     D:4: 893 daAuts
Gauntlet: 881 daAuts
     D:5: 803 daAuts
    D:10: 651 daAuts
     D:6: 466 daAuts
    D:11: 192 daAuts
  Temple: 69 daAuts
